 Dungeon Crawl Stone Soup version 0.23.0 (webtiles) character file.

Game seed: 13678601811658239716

618146 Infinimo the Swordmaster (level 26, -6/203 HPs)
             Began as a Minotaur Berserker on Feb 13, 2019.
             Was the Champion of Trog.
             Mangled by an acid blob (32 damage)
             ... created by the Royal Jelly
             ... on level 5 of the Pits of Slime on Feb 14, 2019.
             The game lasted 02:09:45 (70121 turns).

Infinimo the Swordmaster (Minotaur Berserker)      Turns: 70121, Time: 02:09:45

Health: -6/203     AC: 11    Str: 30    XL:     26   Next: 95%
Magic:  19/19      EV: 17    Int: 10    God:    Trog [******]
Gold:   5271       SH: 31    Dex: 12    Spells: 25/25 levels left

rFire    + + +     SeeInvis +   Y - +7 demon blade (vamp)
rCold    + + +     Gourm    .   i - +0 large shield "Amosm" {rN+ Int+3} (curse)
rNeg     + . .     Faith    .   l - +4 gold dragon scales
rPois    +         Spirit   .   Q - +0 mask of the Dragon {MR+ Slay+3 SInv}
rElec    .         Reflect  +   C - scarf {rC+ rF+}
rCorr    +         Harm     .   J - +2 pair of gloves {Dex+3}
MR       ++...     Rnd*Tele +   z - +0 pair of boots
Stlth    ..........             F - +5 amulet of reflection
HPRegen  0.00/turn              S - ring of Ziyrrudysi {rF+ rC+}
MPRegen  0.16/turn              w - ring of resist corrosion

@: corroded, berserk cooldown, slowed, studying Evocations, very slow
A: retaliatory headbutt, horns 2, slimy green scales 1, blurry vision 2, clever
1, clumsy 2, deformed body, frail 2, low mp 1, screaming 1, inhibited
regeneration, teleportitis 1, evolution 1, no potion heal 1, subdued magic 2,
MP-powered wands
}: 3/15 runes: barnacled, silver, gossamer
a: Berserk, Trog's Hand, Brothers in Arms, Renounce Religion


You were on level 5 of the Pits of Slime.
You worshipped Trog.
Trog was exalted by your worship.
You were not hungry.

You visited 11 branches of the dungeon, and saw 53 of its levels.
You also visited: Gauntlet and Ice Cave.

You collected 7306 gold pieces.
You spent 2035 gold pieces at shops.

Inventory:

Hand Weapons
 A - a +6 antimagic double sword
 D - a +2 scimitar of flaming
 Y - a +7 vampiric demon blade (weapon)
Armour
 i - the cursed +0 large shield "Amosm" (worn) {rN+ Int+3}
   (You took it off a deep elf mage on level 5 of the Vaults)

   It affects your intelligence (+3).
   It protects you from negative energy.
   It has a curse placed upon it.
 l - +4 gold dragon scales (worn)
 z - a +0 pair of boots (worn)
 C - a scarf of resistance (worn)
 J - a +2 pair of gloves of dexterity (worn)
 Q - the +0 mask of the Dragon (worn) {MR+ Slay+3 SInv}
   (You found it in an ice cave)

   It affects your accuracy and damage with ranged weapons and melee attacks
   (+3).
   It affects your resistance to hostile enchantments.
   It lets you see invisible.
Jewellery
 u - a +5 ring of protection
 w - a ring of resist corrosion (right hand)
 F - a +5 amulet of reflection (around neck)
 S - the ring of Ziyrrudysi (left hand) {rF+ rC+}
   (You found it on level 6 of the Lair of Beasts)

   [ring of protection from cold]

   It protects you from fire.
   It protects you from cold.
 U - an uncursed ring of protection from cold
Wands
 d - a wand of digging (20)
 r - a wand of scattershot (3)
 x - a wand of acid (66)
 L - a wand of disintegration (20)
 M - a wand of iceblast (21)
 X - a wand of clouds (11)
Scrolls
 a - 12 scrolls of teleportation
 n - 11 scrolls of magic mapping
 o - 13 scrolls of identify
 s - 39 scrolls of remove curse
 y - 5 scrolls of fear
 H - 5 scrolls of fog
 T - 2 scrolls of blinking
 W - a scroll of holy word
 Z - a scroll of enchant weapon
Potions
 b - 4 potions of cancellation
 f - 6 potions of agility
 g - 7 potions of flight
 j - 13 potions of curing
 m - 8 potions of haste
 q - 6 potions of brilliance
 t - 14 potions of mutation
 v - 8 potions of resistance
 B - 11 potions of lignification
 E - 8 potions of might
 G - a potion of magic
 K - 8 potions of ambrosia
 P - a potion of heal wounds
 V - 2 potions of berserk rage
Books
 O - a manual of Evocations
Comestibles
 c - 48 rations


   Skills:
 + Level 23.9 Fighting
 O Level 27 Long Blades
 + Level 23.9 Armour
 + Level 22.4 Dodging
 + Level 23.6 Shields


You had 25 spell levels left.
You didn't know any spells.
Your spell library was empty.

Dungeon Overview and Level Annotations

Branches:
Dungeon (15/15)            Temple (1/1) D:5            Lair (6/6) D:8
 Shoals (4/4) Lair:3       Spider (4/4) Lair:2        Slime (5/5) Lair:6
    Orc (2/2) D:12            Elf (3/3) Orc:2        Vaults (5/5) D:13
  Crypt (3/3) Vaults:3       Tomb (0/3) Crypt:3      Depths (5/5) D:15
    Zot (0/5) Depths:5

Altars:
Ashenzari
Cheibriados
Dithmenos
Elyvilon
Fedhas
Gozag
Hepliaklqana
Kikubaaqudgha
Makhleb
Nemelex Xobeh
Okawaru
Qazlal
Ru
Sif Muna
Uskayaw
Vehumet
Wu Jian
Xom
Yredelemnul
Zin
The Shining One
Beogh

Shops:
D:5 =   D:6 *   D:10 =   Orc:2 ?*?[   Vaults:4 }   Depths:3 :

Portals:
Hell: Depths:1 Depths:2 Depths:3 Depths:4 Depths:5
Abyss: Depths:4
Pandemonium: Depths:3
Ziggurat: Depths:2

Annotations:
D:7 1 runed translucent door, tidbits's ghost, novice GnSk
D:14 1 runed translucent door, Froggeryz's ghost, journeyman NaMo
Depths:2 6 runed translucent doors


Innate Abilities, Weirdness & Mutations

You reflexively headbutt those who attack you in melee.
You have a pair of horns on your head.
You are partially covered in slimy green scales. (AC +2)
Scrolls take you longer to read.
Your mind is acute. (Int +2)
You are very clumsy. (Dex -4)
Armour fits poorly on your strangely shaped body.
You are very frail. (-20% HP)
Your magical capacity is low. (-10% MP)
You occasionally shout uncontrollably at your foes.
You do not regenerate when monsters are visible.
You are occasionally teleported next to monsters.
You evolve.
Potions are less effective at restoring your health.
Your spells are easier to cast, but less powerful.
You expend magic power (3 MP) to strengthen your wands.


Message History

Really read with blurry vision while enemies are nearby? [Y]es or [N]o only, please.
Really read with blurry vision while enemies are nearby? [Y]es or [N]o only, please.
Really read with blurry vision while enemies are nearby?
Okay, then.
Unknown command.
Really read with blurry vision while enemies are nearby?
The azure jelly hits you. The azure jelly freezes you. You resist.
You block the azure jelly's attack. x2; You block the acid blob's attack.
The acid blob spits acid at you. The splash of acid hits you. You resist.
You are splashed with acid!
You resist.
* * * LOW HITPOINT WARNING * * *
The acid blob hits you!!
* * * LOW HITPOINT WARNING * * *
You are splashed with acid.
You resist.
* * * LOW HITPOINT WARNING * * *
The acid blob hits you!!
You die...

............ #............
#............ ###.....^......
.... ##.# ##..............
....## #.. ##...............
......####.### #J...............
.............###JJ..........J...
.............JJ@JJ.......J.J.<..
..............JJJJ.....J.J......
...............JJJ.....JJ.......
..............................##
.......................J....###
............................#
.............................#
.............................#
..............................


You could see 6 acid blobs, 7 azure jellies and a death ooze.

Vanquished Creatures
  the Royal Jelly (Slime:5)
  4 ancient liches
  A juggernaut (Depths:3)
  Margery (Crypt:2)
  The ghost of Qiwept the Fencer, a veteran BaIE of Cheibriados (Depths:5)
  Frederick (Crypt:3)
  8 golden dragons
  Arachne (Spider:3)
  Jorgrun (Spider:3)
  A large abomination (Vaults:5)
  11 tentacled monstrosities
  2 deep elf blademasters (Elf:2)
  A quicksilver dragon (Vaults:5)
  6 titans
  A deep elf master archer (Elf:3)
  Asterion (Vaults:2)
  9 liches
  14 acid blobs
  The ghost of iVAG the Devastator, an adept DrCj of Vehumet (Spider:1)
  3 ancient champions
  4 shadow dragons
  5 sphinxes
  Kirke (Shoals:4)
  6 tengu reavers (Vaults:5)
  A draconian monk (Depths:5)
  2 revenants
  4 storm dragons
  9 fire giants
  11 azure jellies
  8 frost giants
  9 deep elf sorcerers
  An orc warlord (Orc:2)
  3 iron dragons
  A draconian knight (Depths:5)
  14 vault wardens
  3 curse skulls
  3 cacodemons (Depths:5)
  6 ghost moths
  2 reapers (Crypt:3)
  7 emperor scorpions
  9 deep elf elementalists
  11 ghouls
  14 ironheart preservers
  Nessos (D:14)
  2 war gargoyles (Vaults:5)
  A stone giant (shapeshifter) (Vaults:5)
  16 stone giants
  4 spriggan defenders
  5 vampire knights
  33 very ugly things
  6 entropy weavers
  5 deep elf demonologists
  3 deep elf annihilators
  The ghost of Odimp the Protected, a journeyman KoWn of Wu Jian (Lair:4)
  2 dire elephants (Lair:6)
  A black draconian (Depths:5)
  8 spark wasps
  A minotaur (Gauntlet)
  2 purple draconians (Depths:5)
  15 ettins
  A red draconian (Depths:5)
  12 deep elf death magi
  9 eidola
  9 merfolk impalers
  11 fire dragons
  5 merfolk javelineers
  A mummy priest (Crypt:3)
  4 death oozes (Slime:5)
  2 blizzard demons (IceCv)
  25 yaktaur captains
  Josephine (Lair:4)
  A hydra (shapeshifter) (Vaults:5)
  6 hydras
  3 deep elf high priests
  A quicksilver dragon skeleton (Crypt:3)
  6 rakshasas
  29 vault guards
  4 catoblepae
  11 great orbs of eyes
  2 merfolk avatars
  22 ogre magi
  17 ice dragons
  4 spriggan air magi (Depths:5)
  9 centaur warriors
  4 death knights
  6 deep troll shamans
  32 two-headed ogres
  A merfolk aquamancer (Shoals:4)
  5 satyrs
  A two-headed ogre (shapeshifter) (Vaults:5)
  6 tengu warriors
  9 spriggan berserkers
  An alligator snapping turtle (Shoals:4)
  5 deep troll earth magi
  28 dancing weapons
  4 orc high priests (Orc:2)
  7 spriggans
  4 vampire magi
  13 hell knights
  19 deep elf knights
  A storm dragon zombie (Crypt:3)
  3 soul eaters (Crypt:3)
  Nergalle (Lair:1)
  4 small abominations
  A titan skeleton (Vaults:4)
  4 shadow wraiths
  A fire crab (shapeshifter) (Vaults:2)
  An iron troll (Depths:5)
  16 skeletal warriors
  4 flayed ghosts
  A swamp dragon (Lair:6)
  20 deep elf archers
  19 deep trolls
  A golden dragon zombie (Crypt:3)
  2 unseen horrors
  A spark wasp zombie (Depths:1)
  9 sea snakes
  2 lindwurms (Lair:6)
  15 phantasmal warriors
  11 glowing orange brains
  An anaconda zombie (Crypt:3)
  13 ironbrand convokers
  6 wizards
  A spectral wolf spider (Spider:1)
  Pikel (D:8)
  18 orc knights
  19 necromancers
  A wolf spider zombie (Crypt:3)
  2 sphinx zombies (Crypt:1)
  25 harpies
  7 shining eyes
  4 oklob plants (Lair:2)
  39 wolf spiders
  19 orb spiders
  A shadow dragon skeleton (Depths:1)
  43 ugly things
  58 deep elf magi
  A fire giant zombie (Crypt:1)
  33 fauns
  4 orc sorcerers
  9 cyclopes
  2 iron dragon zombies (Crypt:3)
  A salamander (shapeshifter) (Depths:5)
  A stone giant zombie (Crypt:3)
  A moth of wrath (shapeshifter) (Depths:4)
  A tengu skeleton (Vaults:4)
  12 manticores
  3 elephants (Lair:5)
  A moth of wrath (Spider:2)
  3 centaur zombies
  4 merfolk sirens
  A guardian serpent (shapeshifter) (Vaults:5)
  A dire elephant zombie (Crypt:3)
  A frost giant skeleton (Vaults:1)
  A stone giant skeleton (Vaults:1)
  20 vault sentinels
  An eye of devastation (shapeshifter) (Vaults:2)
  A fire giant skeleton (Depths:1)
  6 black mambas
  Maurice (D:11)
  A rust devil (Depths:4)
  3 naga magi (D:15)
  3 eyes of devastation
  Psyche (D:8)
  8 torpor snails
  4 water nymphs
  10 spiny frogs
  A storm dragon simulacrum (Crypt:1)
  2 dire elephant skeletons (Crypt:3)
  5 spectral swamp worms (Depths:2)
  2 gargoyles
  A spiny frog (shapeshifter) (Depths:5)
  A purple draconian zombie (Crypt:1)
  An ice statue (IceCv)
  7 rime drakes
  2 human zombies
  A rime drake (shapeshifter) (Vaults:4)
  17 freezing wraiths
  4 kobold demonologists (D:14)
  15 demonic crawlers
  10 komodo dragons
  3 efreet
  A komodo dragon (shapeshifter) (Depths:5)
  5 ice devils
  55 yaktaurs
  2 anaconda simulacra (IceCv)
  A spectral redback (Spider:1)
  A yellow draconian skeleton (Crypt:2)
  A guardian mummy (Crypt:3)
  4 tengu conjurers
  A ghost moth simulacrum (Crypt:1)
  A hydra zombie (Crypt:3)
  2 merfolk (shapeshifter)
  13 hellwings (Crypt:3)
  10 trolls
  3 meliai (D:13)
  28 merfolk
  2 queen bees
  39 jumping spiders
  2 queen bees (shapeshifter)
  A spectral tarantella (Spider:1)
  A hydra skeleton (Crypt:3)
  137 slime creatures
  2 wolf spider simulacra
  3 bog bodies
  2 hornets (shapeshifter)
  21 hornets
  10 blink frogs
  Grinder (D:3)
  6 wind drakes
  7 dream sheep
  An ice dragon zombie (Crypt:1)
  A blink frog (shapeshifter) (Vaults:4)
  A death drake skeleton (Crypt:2)
  3 ettin zombies
  A hippogriff (shapeshifter) (Depths:5)
  8 snapping turtles
  19 hippogriffs
  A fire dragon zombie (Crypt:1)
  A meliai zombie (D:15)
  2 black mamba zombies (Crypt:3)
  3 flying skulls (Crypt:2)
  2 air elementals
  6 centaur simulacra
  A guardian serpent skeleton (Crypt:2)
  69 redbacks
  3 ice dragon skeletons (Crypt:3)
  31 water elementals
  2 alligator skeletons
  2 shadows
  3 dire elephant simulacra (IceCv)
  46 yaks
  24 tarantellas
  A wyvern (shapeshifter) (Vaults:5)
  14 wraiths
  3 fire bats (shapeshifter)
  A spriggan (shapeshifter) (D:13)
  7 wyverns
  6 fire elementals
  4 hogs
  A human (shapeshifter) (Vaults:5)
  A tyrant leech zombie (Crypt:2)
  7 golden eyes
  7 basilisks
  5 hungry ghosts
  7 vampire mosquitoes
  A redback simulacrum (Spider:1)
  A death yak simulacrum (IceCv)
  2 steam dragons
  A chaos spawn (Gauntlet)
  A neqoxec (Gauntlet)
  4 wargs
  Menkaure (D:7)
  A spectral orb spider (Spider:1)
  An iron troll simulacrum (IceCv)
  A swamp worm (shapeshifter) (Vaults:5)
  6 harpy simulacra (IceCv)
  An insubstantial wisp (Lair:3)
  2 acid dragons
  10 water moccasins
  Duvessa (D:7)
  A floating eye (Depths:5)
  3 hydra simulacra
  4 swamp drakes
  A meliai simulacrum (D:15)
  A monstrous demonspawn skeleton (Crypt:2)
  5 porcupines
  A jumping spider simulacrum (Spider:1)
  3 orc zombies
  An ice beast (D:5)
  An alligator simulacrum (IceCv)
  An ice beast (shapeshifter) (Vaults:1)
  66 orc warriors
  A deep troll simulacrum (Depths:1)
  2 slaves (D:8)
  2 black bears (D:7)
  An ettin simulacrum (IceCv)
  4 eyes of draining
  2 swamp dragon zombies (Crypt:3)
  3 sky beasts
  An ogre (shapeshifter) (Vaults:4)
  35 ogres
  5 phantoms
  A boggart (shapeshifter) (Depths:5)
  4 boggarts (Vaults:1)
  A swamp dragon skeleton (Crypt:3)
  4 necrophages
  6 wolves (Lair:3)
  12 centaurs
  4 human skeletons
  An orc skeleton (Vaults:2)
  Blork the orc (D:5)
  A big kobold (shapeshifter) (Depths:5)
  2 big kobolds
  15 crocodiles
  17 bullfrogs
  A human simulacrum (Vaults:4)
  Dowan (D:7)
  6 earth elementals
  A water moccasin zombie (D:11)
  An orb spider simulacrum (Spider:1)
  2 scorpions
  A hornet simulacrum (Spider:1)
  6 wyvern skeletons (Crypt:3)
  38 killer bees
  2 blink frog simulacra (Lair:4)
  An elf simulacrum (Vaults:3)
  3 electric eels
  10 wights
  2 rime drake simulacra (Lair:4)
  3 howler monkeys (D:11)
  A bullfrog zombie (D:12)
  5 crimson imps
  A draconian simulacrum (IceCv)
  A komodo dragon simulacrum (Lair:4)
  21 jellies
  A yaktaur simulacrum (Vaults:1)
  5 hounds
  40 orc priests
  2 bullfrog skeletons
  26 orc wizards
  4 centaur skeletons
  2 iguanas
  Crazy Yiuf (D:7)
  3 troll simulacra (IceCv)
  19 worker ants
  A polar bear simulacrum (IceCv)
  A wolf simulacrum (IceCv)
  A demigod zombie (Crypt:2)
  A hound zombie (D:5)
  A hound skeleton (D:11)
  2 mummies (Crypt:3)
  A howler monkey skeleton (D:5)
  A worker ant zombie (D:5)
  A gnoll (shapeshifter) (Depths:5)
  4 ogre simulacra (IceCv)
  8 adders
  A steam dragon zombie (Crypt:1)
  5 shadow imps
  6 white imps (IceCv)
  5 ufetubi (IceCv)
  A worm zombie (Crypt:1)
  An adder zombie (Crypt:2)
  An adder skeleton (D:8)
  5 worms
  7 leopard geckos
  104 orcs
  2 ball pythons
  7 bats
  5 giant cockroaches
  4 goblins
  8 hobgoblins
  8 jackals
  13 kobolds
  4 quokkas
  A dart slug zombie (Crypt:2)
  7 frilled lizards
  2 gnoll zombies (D:6)
  2 goblin skeletons (Crypt:1)
  2 jackal skeletons
  A leopard gecko skeleton (D:6)
  A leopard gecko zombie (D:6)
  8 rats
  A crawling corpse (Crypt:3)
  4 plants
  2 withered plants (Crypt:3)
2588 creatures vanquished.

Vanquished Creatures (collateral kills)
  A hydra (D:9)
  A troll (D:9)
2 creatures vanquished.

Vanquished Creatures (others)
  An ancient lich (Crypt:3)
  Nikola (Elf:3)
  2 deep elf master archers
  A stone giant (Depths:2)
  A vampire knight (Crypt:2)
  A merfolk javelineer (Depths:5)
  2 yaktaur captains (Vaults:5)
  A satyr (Shoals:4)
  A deep elf knight (Elf:1)
  4 deep elf archers
  A harpy (Shoals:4)
  A deep elf mage (Elf:1)
  11 yaktaurs
  A slime creature (Slime:4)
  A water elemental (Elf:1)
  2 slaves (D:8)
  An ogre (Depths:3)
  2 orc wizards
  A hound skeleton (D:11)
  2 white imps (IceCv)
  5 ufetubi (IceCv)
  2 orcs
  2 demonic plants (Gauntlet)
  A fungus (Lair:6)
  67 plants
115 creatures vanquished.

Grand Total: 2705 creatures vanquished

Notes
Turn   | Place    | Note
-------+----------+-------------------------------------------
     0 | D:1      | Infinimo the Minotaur Berserker began the quest for the
                  | Orb.
     0 | D:1      | Reached XP level 1. HP: 19/19 MP: 0/0
   255 | D:1      | Reached XP level 2. HP: 27/27 MP: 1/1
   340 | D:1      | Reached skill level 4 in Long Blades
   887 | D:2      | Reached ** piety under Trog
   887 | D:2      | Reached XP level 3. HP: 32/33 MP: 2/2
   965 | D:2      | Found a shimmering altar of Xom.
  1375 | D:3      | Found a shattered altar of Ashenzari.
  1443 | D:3      | Noticed Grinder
  1460 | D:3      | Killed Grinder
  1460 | D:3      | Reached skill level 5 in Long Blades
  1460 | D:3      | Reached XP level 4. HP: 23/41 MP: 3/3
  1460 | D:3      | Reached XP level 5. HP: 26/47 MP: 4/4
  1706 | D:3      | Found an ornate altar of the Wu Jian Council.
  1873 | D:3      | Reached XP level 6. HP: 55/55 MP: 5/5
  2011 | D:4      | Reached skill level 5 in Fighting
  2011 | D:4      | Reached skill level 6 in Long Blades
  2060 | D:4      | You fall through a shaft!
  2060 | D:5      | Entered Level 5 of the Dungeon
  2207 | D:5      | Reached skill level 1 in Shields
  2390 | D:5      | Found a burning altar of Makhleb.
  2401 | D:5      | Reached XP level 7. HP: 61/61 MP: 6/6
  2524 | D:5      | Found a staircase to the Ecumenical Temple.
  2621 | D:5      | Reached skill level 7 in Long Blades
  2856 | D:5      | Reached *** piety under Trog
  2861 | D:5      | Found Xuinioxt's Jewellery Shop.
  2872 | D:5      | Reached skill level 5 in Armour
  3023 | D:5      | Found a hazy altar of Hepliaklqana.
  3245 | D:5      | Noticed Blork the orc
  3252 | D:5      | Killed Blork the orc
  3252 | D:5      | Reached XP level 8. HP: 70/70 MP: 7/7
  3407 | D:5      | Found a stormy altar of Qazlal.
  3584 | D:6      | Reached skill level 8 in Long Blades
  3584 | D:6      | Reached skill level 5 in Dodging
  3819 | D:6      | Found a stormy altar of Qazlal.
  3889 | D:6      | Found Zuschar's General Store.
  3897 | D:6      | Bought a potion of heal wounds for 55 gold pieces
  3960 | D:6      | Found a basalt altar of Yredelemnul.
  4619 | D:7      | Found a burning altar of Makhleb.
  4620 | D:7      | Noticed Menkaure
  4625 | D:7      | Killed Menkaure
  4625 | D:7      | Reached skill level 9 in Long Blades
  4733 | D:7      | Reached XP level 9. HP: 78/78 MP: 8/8
  4747 | D:7      | Noticed Duvessa
  4755 | D:7      | Killed Duvessa
  4760 | D:7      | Noticed Dowan
  4781 | D:7      | Killed Dowan
  4781 | D:7      | Reached **** piety under Trog
  4955 | D:7      | Found a glowing golden altar of the Shining One.
  4978 | D:7      | Reached skill level 5 in Shields
  5125 | D:7      | Found a runed translucent door.
  5125 | D:7      | Noticed tidbits's ghost (novice GnSk)
  5375 | D:7      | Reached skill level 10 in Long Blades
  5454 | D:7      | Found a runed translucent door.
  5455 | D:7      | Noticed Crazy Yiuf
  5653 | D:7      | Killed Crazy Yiuf
  6161 | D:8      | Noticed a queen bee
  6162 | D:8      | Noticed Pikel
  6185 | D:8      | Killed a queen bee
  6185 | D:8      | Reached XP level 10. HP: 68/88 MP: 9/9
  6190 | D:8      | Killed Pikel
  6206 | D:8      | Reached skill level 11 in Long Blades
  6468 | D:8      | Noticed Psyche
  6477 | D:8      | Killed Psyche
  7465 | D:8      | Found a staircase to the Lair.
  7773 | D:9      | Reached skill level 12 in Long Blades
  7870 | D:9      | Found a deep blue altar of Sif Muna.
  8016 | D:9      | Noticed an eight-headed hydra
  8026 | D:9      | Killed an eight-headed hydra
  8435 | D:10     | Entered Level 10 of the Dungeon
  8553 | D:10     | Reached XP level 11. HP: 88/97 MP: 10/10
  8963 | D:10     | Noticed a two-headed ogre
  8970 | D:10     | Killed a two-headed ogre
  9036 | D:10     | Found Sedots's Jewellery Boutique.
  9613 | D:11     | Noticed Maurice
  9624 | D:11     | Killed Maurice
  9695 | D:11     | Noticed a catoblepas
  9729 | D:11     | Killed a catoblepas
  9729 | D:11     | Reached skill level 13 in Long Blades
 10014 | D:11     | Reached ***** piety under Trog
 10216 | D:11     | Noticed a centaur warrior
 10234 | D:11     | Killed a centaur warrior
 10234 | D:11     | Reached skill level 10 in Fighting
 11056 | Lair:1   | Entered Level 1 of the Lair of Beasts
 11090 | Lair:1   | Found a gate leading to a gauntlet.
 11099 | Gauntlet | Entered a Gauntlet
 11099 | Gauntlet | Found a transporter.
 11111 | Gauntlet | Found a transporter.
 11126 | Gauntlet | Found a transporter.
 11131 | Gauntlet | Found a transporter.
 11145 | Gauntlet | Noticed a wretched star
 11146 | Gauntlet | Found a transporter.
 11165 | Gauntlet | Found a transporter.
 11165 | Gauntlet | Noticed a glowing orange brain
 11166 | Gauntlet | Noticed a glowing orange brain
 11177 | Gauntlet | Found a transporter.
 11179 | Gauntlet | Noticed a wretched star
 11185 | Gauntlet | Found a large runed translucent door.
 11186 | Gauntlet | Found a large runed translucent door.
 11187 | Gauntlet | Found a large runed translucent door.
 11187 | Gauntlet | Found a large runed translucent door.
 11187 | Gauntlet | Noticed a hell hog
 11188 | Gauntlet | Found a runed translucent gate.
 11189 | Gauntlet | Found a transporter.
 11189 | Gauntlet | Found a runed translucent gate.
 11190 | Gauntlet | Found a runed translucent gate.
 11191 | Gauntlet | Found a large runed translucent door.
 11191 | Gauntlet | Found a large runed translucent door.
 11192 | Gauntlet | Found a large runed translucent door.
 11193 | Gauntlet | Found a large runed translucent door.
 11201 | Gauntlet | Found a transporter.
 11204 | Gauntlet | Noticed a glowing orange brain
 11205 | Gauntlet | Noticed a glowing orange brain
 11213 | Gauntlet | Found a transporter.
 11230 | Gauntlet | Found a transporter.
 11247 | Gauntlet | Found a transporter.
 11247 | Gauntlet | Noticed a green ugly thing
 11249 | Gauntlet | Found a transporter.
 11250 | Gauntlet | Noticed a tengu warrior
 11276 | Gauntlet | Found a transporter.
 11296 | Gauntlet | Found a transporter.
 11300 | Gauntlet | Found a transporter.
 11300 | Gauntlet | Found a transporter.
 11376 | Gauntlet | Noticed a red ugly thing
 11400 | Gauntlet | Found a large runed translucent door.
 11400 | Gauntlet | Found a large runed translucent door.
 11400 | Gauntlet | Found a runed translucent door.
 11400 | Gauntlet | Found a runed translucent door.
 11401 | Gauntlet | Found a large runed translucent door.
 11402 | Gauntlet | Found a large runed translucent door.
 11404 | Gauntlet | Found a transporter.
 11420 | Gauntlet | Found a large runed translucent door.
 11420 | Gauntlet | Found a large runed translucent door.
 11421 | Gauntlet | Found a large runed translucent door.
 11422 | Gauntlet | Found a large runed translucent door.
 11509 | Gauntlet | Reached skill level 10 in Armour
 11569 | Gauntlet | Got a smoking copper ring
 11635 | Gauntlet | Killed a tengu warrior
 11638 | Gauntlet | Reached XP level 12. HP: 106/106 MP: 11/11
 11742 | Gauntlet | Got a transparent emerald amulet
 11767 | Gauntlet | Identified the +5 flail "Anoonaqow" {antimagic, *Drain
                  | rF+++ Str-4 Int+2}
 11767 | Gauntlet | Identified the +3 scale mail of Hospitality {Regen+}
 11767 | Gauntlet | Noticed a minotaur
 11770 | Gauntlet | Found the +8 lance "Wyrmbane" {slay drac, rPois rF+ rC+
                  | AC+3}
 11775 | Gauntlet | Killed a minotaur
 11775 | Gauntlet | Reached skill level 14 in Long Blades
 11833 | Gauntlet | Identified Goty's Incunabulum of Enchantment and Companions
 12185 | Lair:1   | Noticed Nergalle
 12198 | Lair:1   | Killed Nergalle
 12829 | Lair:2   | Noticed a four-headed hydra
 12834 | Lair:2   | Killed a one-headed hydra
 12899 | Lair:2   | Reached skill level 10 in Dodging
 12930 | Lair:2   | Found a hole to the Spider Nest.
 13221 | Lair:2   | Reached skill level 10 in Shields
 13896 | Lair:2   | Identified the ring "Ubifiqiq" {rPois Str+2 Dex+2} (You
                  | found it in a Gauntlet)
 13902 | Lair:2   | Identified the amulet of Melee {Faith rN++} (You found it
                  | in a Gauntlet)
 14051 | Lair:3   | Reached skill level 15 in Long Blades
 14227 | Lair:3   | Found a staircase to the Shoals.
 14256 | Lair:3   | Reached XP level 13. HP: 116/116 MP: 12/12
 14699 | Lair:4   | Noticed Josephine
 14712 | Lair:4   | Killed Josephine
 14804 | Lair:4   | Found a runed translucent gate.
 14804 | Lair:4   | Found a runed translucent gate.
 14867 | Lair:4   | Found a snail-covered altar of Cheibriados.
 15072 | Lair:4   | Noticed Odimp's ghost (journeyman KoWn)
 15208 | Lair:4   | Found a runed translucent gate.
 15588 | Lair:4   | Killed Odimp's ghost
 16025 | D:12     | Found a staircase to the Orcish Mines.
 16575 | D:12     | Reached skill level 16 in Long Blades
 16781 | D:12     | Received a gift from Trog
 17269 | D:13     | Found a gate to the Vaults.
 17269 | D:13     | Noticed an ironheart preserver
 17286 | D:13     | Killed an ironheart preserver
 17671 | D:13     | Reached XP level 14. HP: 127/127 MP: 13/13
 18328 | D:14     | Noticed Nessos
 18364 | D:14     | Reached ****** piety under Trog
 18380 | D:14     | Killed Nessos
 18574 | D:14     | Found a runed translucent door.
 18575 | D:14     | Found a shimmering altar of Xom.
 18575 | D:14     | Noticed Froggeryz's ghost (journeyman NaMo)
 18575 | D:14     | Identified the cursed +1 battleaxe of the Dead {chaos,
                  | +Blink SInv}
 18597 | D:14     | Received a gift from Trog
 18698 | D:13     | Reached skill level 17 in Long Blades
 19004 | D:15     | Entered Level 15 of the Dungeon
 19427 | D:15     | Received a gift from Trog
 19706 | D:15     | Found an ornate altar of the Wu Jian Council.
 19875 | D:15     | Found a staircase to the Depths.
 20380 | Shoals:1 | Entered Level 1 of the Shoals
 20671 | Shoals:1 | Received a gift from Trog
 20835 | Shoals:1 | Reached XP level 15. HP: 76/136 MP: 14/14
 21159 | Shoals:1 | Received a gift from Trog
 21299 | Shoals:1 | Reached skill level 18 in Long Blades
 23736 | Shoals:4 | Entered Level 4 of the Shoals
 23738 | Shoals:4 | Noticed Kirke
 23830 | Shoals:4 | Killed Kirke
 24594 | Shoals:4 | Received a gift from Trog
 24625 | Shoals:4 | Reached skill level 19 in Long Blades
 24989 | Shoals:4 | Reached XP level 16. HP: 97/146 MP: 15/15
 25752 | Shoals:4 | Received a gift from Trog
 26866 | Shoals:4 | Got a barnacled rune of Zot
 27724 | Orc:1    | Entered Level 1 of the Orcish Mines
 28140 | Orc:2    | Entered Level 2 of the Orcish Mines
 28918 | Orc:2    | Found a staircase to the Elven Halls.
 29329 | Orc:2    | Received a gift from Trog
 29350 | Orc:2    | Found a roughly hewn altar of Beogh.
 29615 | Orc:2    | Found Filaur's Armour Boutique.
 29626 | Orc:2    | Bought the +7 fire dragon scales of the Untouchables {rF++
                  | rC- Regen+ Int+4 Dex-4 SInv} for 1252 gold pieces
 29642 | Orc:2    | Found Kuolofom's Magic Scroll Shop.
 29804 | Orc:2    | Found a roughly hewn altar of Beogh.
 29887 | Orc:2    | Found Xonweschuwn's Magic Scroll Boutique.
 29894 | Orc:2    | Bought a scroll of acquirement for 728 gold pieces
 29924 | Orc:2    | Found Jorchioxe's General Store.
 29980 | Orc:2    | Reached skill level 15 in Fighting
 29989 | Orc:2    | Reached skill level 20 in Long Blades
 30432 | Spider:1 | Entered Level 1 of the Spider Nest
 30510 | Spider:1 | Found a runed translucent gate.
 30511 | Spider:1 | Found a runed translucent gate.
 30839 | Spider:1 | Found a runed translucent gate.
 30841 | Spider:1 | Noticed iVAG's ghost (adept DrCj)
 30863 | Spider:1 | Received a gift from Trog
 30885 | Spider:1 | Killed iVAG's ghost
 30886 | Spider:1 | Reached skill level 15 in Armour
 30918 | Spider:1 | Got a flickering bronze ring
 30953 | Spider:1 | Identified the ring of Viobad {*Corrode +Fly rC+ Stlth+}
                  | (You found it on level 1 of the Spider Nest)
 31159 | Spider:2 | Reached XP level 17. HP: 156/156 MP: 16/16
 32280 | Spider:3 | Received a gift from Trog
 32549 | Spider:3 | Noticed Jorgrun
 32563 | Spider:3 | Killed Jorgrun
 32563 | Spider:3 | Reached skill level 15 in Shields
 32635 | Spider:3 | Noticed Arachne
 32654 | Spider:3 | Killed Arachne
 33222 | Spider:4 | Entered Level 4 of the Spider Nest
 33258 | Spider:4 | Received a gift from Trog
 33258 | Spider:4 | Reached skill level 21 in Long Blades
 33267 | Spider:4 | Got a warped triple sword {god gift}
 33284 | Spider:4 | Identified the +9 triple sword of Taok {slice, +Blink
                  | Str+3} (Trog gifted it to you on level 4 of the Spider
                  | Nest)
 33829 | Spider:4 | Received a gift from Trog
 34299 | Spider:4 | Reached XP level 18. HP: 160/166 MP: 17/17
 34663 | Spider:4 | Lost intelligence.
 34676 | Spider:4 | Reached skill level 15 in Dodging
 34809 | Spider:4 | Lost intelligence.
 34912 | Spider:4 | Lost intelligence.
 35072 | Spider:4 | Got a gossamer rune of Zot
 35136 | Spider:4 | Lost intelligence.
 35525 | Elf:1    | Entered Level 1 of the Elven Halls
 36292 | Elf:1    | Received a gift from Trog
 36883 | Elf:2    | Reached skill level 22 in Long Blades
 36961 | Elf:2    | Received a gift from Trog
 36986 | Elf:2    | Found a frozen archway.
 37030 | IceCv    | Entered an ice cave
 37916 | IceCv    | Found the +0 mask of the Dragon {MR+ Slay+3 SInv}
 37939 | IceCv    | Got a sparkling wooden ring
 38068 | Elf:2    | Identified the ring of Surche {MR+ Dex+4} (You found it in
                  | an ice cave)
 38135 | Elf:2    | Received a gift from Trog
 38138 | Elf:2    | Got a warped long sword {god gift}
 38139 | Elf:2    | Identified the +4 long sword "Yxud" {slice, +Inv rC+ rN+}
                  | (Trog gifted it to you on level 2 of the Elven Halls)
 38151 | Elf:2    | Found a runed translucent gate.
 38151 | Elf:2    | Found a runed translucent gate.
 38152 | Elf:2    | Found a runed translucent gate.
 38668 | Elf:2    | Reached XP level 19. HP: 116/174 MP: 15/18
 39066 | Elf:3    | Entered Level 3 of the Elven Halls
 39139 | Elf:3    | Noticed Nikola
 39151 | Elf:3    | Killed Nikola
 39977 | Elf:2    | Received a gift from Trog
 40529 | Elf:3    | Noticed a Tzitzimitl
 40813 | Elf:3    | Noticed a Tzitzimitl
 41084 | Elf:3    | Reached skill level 23 in Long Blades
 41345 | Elf:3    | Identified the ring of Ralemm {rElec Str+5}
 41397 | Elf:3    | Identified the Disquisition on Frigorific Poison
 41445 | Elf:3    | Got a heavily runed platinum ring
 41829 | Elf:3    | Got a steaming plate armour
 41830 | Elf:3    | Identified the +4 plate armour of Duck's Teeth {Str+5} (You
                  | found it on level 3 of the Elven Halls)
 41831 | Elf:3    | Identified the ring "Peasogicih" {*Tele rC++ rN+ Dex-4
                  | Slay+3} (You found it on level 3 of the Elven Halls)
 42068 | Vaults:1 | Entered Level 1 of the Vaults
 42098 | Vaults:1 | Received a gift from Trog
 42876 | Vaults:1 | Identified the +2 chain mail "Peryfoe" {Dex+2}
 43086 | Vaults:1 | Received a gift from Trog
 43276 | Vaults:1 | Reached XP level 20. HP: 176/187 MP: 19/19
 44188 | Vaults:2 | Received a gift from Trog
 45047 | Vaults:2 | Reached skill level 24 in Long Blades
 45058 | Vaults:2 | Noticed Asterion
 45074 | Vaults:2 | Killed Asterion
 45855 | Vaults:3 | Found a staircase to the Crypt.
 46048 | Vaults:3 | Received a gift from Trog
 46086 | Vaults:3 | Got a smoking granite ring
 46964 | Vaults:4 | Reached XP level 21. HP: 191/195 MP: 20/20
 47216 | Vaults:4 | Found Paom Epu's Gadget Boutique.
 47300 | Vaults:4 | Received a gift from Trog
 47868 | Vaults:4 | Received a gift from Trog
 47931 | Vaults:4 | Noticed a golden dragon
 47939 | Vaults:4 | Killed a golden dragon
 47993 | Vaults:4 | Identified the ring of Syokk {+Blink Dex+3 Slay+2} (You
                  | found it on level 3 of the Vaults)
 48251 | Vaults:5 | Entered Level 5 of the Vaults
 48334 | Crypt:1  | Entered Level 1 of the Crypt
 48703 | Crypt:1  | Reached skill level 25 in Long Blades
 48957 | Crypt:1  | Received a gift from Trog
 49863 | Crypt:2  | Noticed Margery
 49894 | Crypt:2  | Killed Margery
 49938 | Crypt:2  | Reached XP level 22. HP: 139/206 MP: 7/21
 50449 | Crypt:2  | Received a gift from Trog
 50639 | Crypt:3  | Entered Level 3 of the Crypt
 50648 | Crypt:3  | Noticed Frederick
 50674 | Crypt:3  | Killed Frederick
 51226 | Crypt:3  | Found an ancient bone altar of Kikubaaqudgha.
 51546 | Crypt:3  | Received a gift from Trog
 52327 | Crypt:3  | Found a staircase to the Tomb.
 52503 | Crypt:3  | Noticed an ancient lich
 52505 | Crypt:3  | Found the +4 dagger "Morg" {pain, MR+ Int+5}
 52518 | Crypt:3  | Killed an ancient lich
 53318 | Depths:1 | Entered Level 1 of the Depths
 53353 | Depths:1 | Reached skill level 26 in Long Blades
 53378 | Depths:1 | Found a gateway to Hell.
 54118 | Depths:1 | Received a gift from Trog
 54736 | Depths:2 | Found a large runed translucent door.
 54737 | Depths:2 | Found a large runed translucent door.
 54834 | Depths:2 | You fall through a shaft for 2 floors!
 54852 | Depths:4 | Noticed a golden dragon
 54864 | Depths:4 | Killed a golden dragon
 54864 | Depths:4 | Reached XP level 23. HP: 215/215 MP: 22/22
 55560 | Depths:4 | Found a one-way gate to the infinite horrors of the Abyss.
 55600 | Depths:4 | Received a gift from Trog
 55710 | Depths:4 | Paralysed by an ogre mage for 5 turns
 55753 | Depths:4 | Found a deep blue altar of Sif Muna.
 55783 | Depths:4 | Noticed an ancient lich
 55796 | Depths:4 | Killed an ancient lich
 55956 | Depths:4 | Noticed an ancient lich
 55966 | Depths:4 | Killed an ancient lich
 56305 | Depths:5 | Entered Level 5 of the Depths
 56382 | Depths:5 | Reached skill level 27 in Long Blades
 56458 | Depths:5 | Found a runed translucent gate.
 56459 | Depths:5 | Found a runed translucent gate.
 56461 | Depths:5 | Found a runed translucent gate.
 56539 | Depths:5 | Paralysed by a floating eye for 4 turns
 56547 | Depths:5 | Paralysed by a floating eye for 4 turns
 57017 | Depths:5 | Received a gift from Trog
 57062 | Depths:5 | Found a gate to the Realm of Zot.
 57424 | Depths:5 | Reached XP level 24. HP: 226/226 MP: 22/22
 57474 | Depths:5 | Received a gift from Trog
 57569 | Depths:5 | Found a runed translucent gate.
 57569 | Depths:5 | Found a runed translucent gate.
 57576 | Depths:5 | Noticed Qiwept's ghost (veteran BaIE)
 57578 | Depths:5 | Found a runed translucent gate.
 57670 | Depths:5 | Killed Qiwept's ghost
 58477 | Depths:5 | Gained mutation: Scrolls take you a little longer to read.
                  | [mutagenic glow]
 58478 | Depths:5 | Lost mutation: Scrolls take you a little longer to read.
                  | [potion of mutation]
 58478 | Depths:5 | Gained mutation: You do not regenerate when monsters are
                  | visible. [potion of mutation]
 58478 | Depths:5 | Gained mutation: You evolve. [potion of mutation]
 58479 | Depths:5 | Lost mutation: You do not regenerate when monsters are
                  | visible. [potion of mutation]
 58479 | Depths:5 | Lost mutation: You evolve. [potion of mutation]
 58479 | Depths:5 | Gained mutation: You are weak. (Str -2) [potion of
                  | mutation]
 58479 | Depths:5 | Gained mutation: You evolve. [potion of mutation]
 58479 | Depths:5 | Gained mutation: You rapidly evolve. [potion of mutation]
 58846 | Depths:3 | Noticed a juggernaut
 58863 | Depths:3 | Killed a juggernaut
 59088 | Depths:3 | Gained mutation: Your mind is acute. (Int +2) [evolution]
 59116 | Depths:3 | Received a gift from Trog
 59305 | Depths:3 | Found Ytydan's Book Boutique.
 59372 | Depths:3 | Found a one-way gate leading to the halls of Pandemonium.
 59479 | Depths:2 | Found a large runed translucent door.
 59480 | Depths:2 | Found a large runed translucent door.
 59735 | Depths:2 | Found a gateway to a ziggurat.
 59780 | Depths:2 | Paralysed by a vampire knight for 3 turns
 59793 | Depths:2 | Paralysed by a vampire knight for 5 turns
 60281 | Depths:2 | Received a gift from Trog
 60357 | Depths:2 | Found a large runed translucent door.
 60360 | Depths:2 | Found a large runed translucent door.
 60361 | Depths:2 | Found a large runed translucent door.
 60362 | Depths:2 | Found a large runed translucent door.
 61288 | Vaults:4 | Reached XP level 25. HP: 237/237 MP: 22/22
 61367 | Vaults:5 | Noticed an ancient lich
 61577 | Vaults:5 | Noticed an ancient lich
 61698 | Vaults:5 | Paralysed by a floating eye for 2 turns
 61705 | Vaults:5 | HP: 11/238 [vault warden/+0 broad axe (5)]
 61725 | Vaults:5 | Received a gift from Trog
 61821 | Vaults:5 | Received a gift from Trog
 62052 | Vaults:5 | Identified the cursed +3 short sword of Responsibility
                  | {antimagic, Int+2}
 62100 | Vaults:5 | Received a gift from Trog
 62244 | Vaults:5 | Killed an ancient lich
 62384 | Vaults:5 | Killed an ancient lich
 62393 | Vaults:5 | Reached XP level 26. HP: 249/249 MP: 22/22
 62394 | Vaults:5 | Received a gift from Trog
 62481 | Vaults:5 | Got a silver rune of Zot
 63066 | Vaults:5 | Identified the cursed +0 large shield "Amosm" {rN+ Int+3}
 63325 | Vaults:5 | Identified Spellweaving Continued
 63801 | Temple   | Entered the Ecumenical Temple
 64286 | Lair:5   | You fall through a shaft!
 64286 | Lair:6   | Entered Level 6 of the Lair of Beasts
 64788 | Lair:5   | Lost mutation: You are weak. (Str -2) [evolution]
 64945 | Lair:6   | Received a gift from Trog
 65126 | Lair:6   | Got a bound bronze ring
 65379 | Lair:6   | Found a staircase to the Slime Pits.
 65952 | Lair:1   | Identified the ring of Ziyrrudysi {rF+ rC+} (You found it
                  | on level 6 of the Lair of Beasts)
 66083 | Slime:1  | Entered Level 1 of the Pits of Slime
 66401 | Slime:1  | Lost mutation: You rapidly evolve. [a shining eye]
 66406 | Slime:1  | Gained mutation: Armour fits poorly on your strangely
                  | shaped body. [a shining eye]
 66407 | Slime:1  | Gained mutation: You are robust. (+10% HP) [a shining eye]
 66409 | Slime:1  | Gained mutation: You are partially covered in slimy green
                  | scales. (AC +2) [a shining eye]
 67137 | Lair:6   | Received a gift from Trog
 67708 | Slime:2  | Gained mutation: You are occasionally teleported next to
                  | monsters. [a shining eye]
 67713 | Slime:2  | Gained mutation: Your spells are a little easier to cast,
                  | but a little less powerful. [a shining eye]
 67715 | Slime:2  | Gained mutation: Scrolls take you a little longer to read.
                  | [a shining eye]
 67717 | Slime:2  | Gained mutation: You expend magic power (3 MP) to
                  | strengthen your wands. [a shining eye]
 67722 | Slime:2  | Gained mutation: You do not regenerate when monsters are
                  | visible. [a shining eye]
 67724 | Slime:2  | Gained mutation: You occasionally shout uncontrollably at
                  | your foes. [a shining eye]
 67728 | Slime:2  | Gained mutation: You are clumsy. (Dex -2) [a shining eye]
 67835 | Slime:2  | Lost mutation: You are robust. (+10% HP) [a shining eye]
 68968 | Slime:3  | Gained mutation: Your spells are easier to cast, but less
                  | powerful. [a shining eye]
 68974 | Slime:3  | Received a gift from Trog
 68980 | Slime:3  | Gained mutation: You are very clumsy. (Dex -4) [a shining
                  | eye]
 69003 | Slime:3  | Gained mutation: Your magical capacity is low. (-10% MP) [a
                  | shining eye]
 69006 | Slime:3  | Gained mutation: You are frail. (-10% HP) [a shining eye]
 69069 | Slime:3  | Gained mutation: Scrolls take you longer to read. [a
                  | shining eye]
 69073 | Slime:3  | Gained mutation: You are very frail. (-20% HP) [a shining
                  | eye]
 69075 | Slime:3  | Gained mutation: Potions are less effective at restoring
                  | your health. [a shining eye]
 69309 | Slime:4  | Received a gift from Trog
 69473 | Slime:5  | Entered Level 5 of the Pits of Slime
 70063 | Slime:5  | Noticed the Royal Jelly
 70097 | Slime:5  | Killed the Royal Jelly
 70121 | Slime:5  | Mangled by an acid blob

Skill      XL: |  1  2  3  4  5  6  7  8  9 10 11 12 13 14 15 16 17 18 19 20 21 22 23 24 25 26 |
---------------+-------------------------------------------------------------------------------+-----
Long Blades    | 4 5 6 7 9 10 12 13 15 16 17 19 20 21 22 23 24 25 26 27 | 27.0
Fighting       | 4 5 6 8 9 10 11 12 13 14 15 16 17 18 19 20 21 22 23 | 23.9
Armour         | 3 4 5 6 7 8 10 11 12 13 14 15 16 17 18 19 20 21 22 23 | 23.9
Dodging        | 3 4 5 6 8 9 10 11 12 13 14 15 16 17 18 19 20 21 22 | 22.4
Shields        | 1 3 4 6 7 9 10 11 12 13 14 15 16 17 18 19 20 21 22 23 | 23.6

Action                   |  1- 3 |  4- 6 |  7- 9 | 10-12 | 13-15 | 16-18 | 19-21 | 22-24 | 25-27 || total
-------------------------+-------+-------+-------+-------+-------+-------+-------+-------+-------++-------
Melee: Falchion          |    89 |    65 |    60 |       |       |       |       |       |       ||   214
       Headbutt          |     9 |    15 |    57 |   156 |   349 |   503 |   619 |   766 |   641 ||  3115
       Long sword        |       |       |   209 |   349 |       |       |       |       |       ||   558
       Scimitar          |       |       |       |   254 |  1169 |   437 |       |       |       ||  1860
       Unarmed           |       |       |       |       |     9 |       |       |       |       ||     9
       Double sword      |       |       |       |       |       |  1340 |   993 |   594 |       ||  2927
       Demon blade       |       |       |       |       |       |       |   590 |  1354 |  1583 ||  3527
Invok: Berserk           |     2 |     3 |    13 |    20 |    15 |    30 |    18 |    21 |     5 ||   127
       Brothers in Arms  |       |       |       |     1 |       |       |       |       |       ||     1
Evoke: Wand              |       |       |       |       |       |       |       |     3 |       ||     3
  Use: Scroll            |     8 |       |     5 |    14 |     9 |    15 |    18 |     5 |     9 ||    83
       Potion            |       |       |     1 |       |     3 |    15 |     1 |     2 |     9 ||    31
 Stab: Sleeping          |     2 |       |       |       |       |       |       |       |       ||     2
       Distracted        |       |       |       |       |       |     1 |       |       |       ||     1
       Confused          |       |       |       |       |       |       |       |     3 |       ||     3
       Petrifying        |       |       |       |       |       |       |       |       |     1 ||     1
  Eat: Chunk             |     4 |     5 |    28 |    39 |    40 |    42 |    43 |    28 |    10 ||   239
       Ration            |       |       |       |     5 |     3 |     9 |     5 |    11 |     7 ||    40
Armor: Animal skin       |    11 |       |       |       |       |       |       |       |       ||    11
       Scale mail        |    22 |    21 |   134 |   125 |   304 |    54 |       |       |       ||   660
       Fire dragon scale |       |       |       |       |       |   179 |       |       |       ||   179
       Plate armour      |       |       |       |       |       |    38 |       |       |       ||    38
       Gold dragon scale |       |       |       |       |       |   349 |   332 |   551 |   499 ||  1731
Dodge: Dodged            |    56 |    16 |   101 |   183 |   482 |   652 |   355 |   641 |   567 ||  3053
Block: Shield            |    12 |    19 |   132 |   306 |   664 |  1510 |  1154 |  1616 |    95 ||  5508
       Reflection        |       |       |       |     4 |       |    61 |   105 |    48 |    46 ||   264
       Large shield      |       |       |       |       |       |       |       |       |  1822 ||  1822
       Rpst.: Falchion   |    10 |     3 |     5 |       |       |       |       |       |       ||    18
       Long sword        |       |       |    30 |    19 |       |       |       |       |       ||    49
       Scimitar          |       |       |       |    19 |   101 |    21 |       |       |       ||   141
       Double sword      |       |       |       |       |       |    82 |    59 |    26 |       ||   167
       Demon blade       |       |       |       |       |       |       |    21 |    97 |    95 ||   213
